 Dungeon Crawl Stone Soup version 0.30-a0-696-g2367cd04db (webtiles) character file.

Game seed: 4205615822508674728

240 funkygono the Firebug (level 5, -3/36 HPs)
             Began as a Demonspawn Fire Elementalist on Jan 20, 2023.
             Killed by nerve-wracking pain
             ... invoked by Grinder
              (12 damage)
             ... in a sewer.
             The game lasted 00:04:58 (2890 turns).

funkygono the Firebug (DsFE)                        Turns: 2890, Time: 00:04:59

Health: -3/36      AC:  6    Str:  9    XL:     5   Next: 80%
Magic:  0/10       EV: 11    Int: 18    God:
Gold:   107        SH:  0    Dex: 13    Spells: 8/11 levels left

rFire   . . .      SeeInvis .    r - +0 hammer (drain)
rCold   . . .      Faith    .    (no shield)
rNeg    . . .      Spirit   .    k - +0 leather armour
rPois   .          Reflect  .    (no helmet)
rElec   .          Harm     .    s - +0 cloak
rCorr   .          Rampage  .    (no gloves)
Will    .....                    (no boots)
Stlth   ++                       (no amulet)
HPRegen 0.26/turn                (no ring)
MPRegen 0.12/turn                (no ring)

@: no status effects
A: hooves 1, molten scales 1, ignite blood 2
a: no special abilities


You were in a sewer.
You visited 1 branch of the dungeon, and saw 3 of its levels.
You also visited: Sewer.

You collected 107 gold pieces.

Inventory:

Hand Weapons
 b - a +4 quarterstaff of chaos
 c - a +0 dagger
 d - a +0 whip
 r - a +0 hammer of draining (weapon)
 t - a +3 dagger
Armour
 a - a +0 robe
 k - a +0 leather armour (worn)
 s - a +0 cloak (worn)
Magical Staves
 l - a staff of earth
Scrolls
 e - a scroll of immolation {unknown}
 g - 2 scrolls of teleportation {unknown}
 h - a scroll of brand weapon {unknown}
 j - a scroll of blinking {unknown}
 m - a scroll of enchant weapon {unknown}
 o - a scroll of fear {unknown}
 q - a scroll of noise {unknown}
Potions
 f - a potion of curing {unknown}
 i - a potion of mutation {unknown}
 n - a potion of cancellation {unknown}
 p - a potion of lignification {unknown}


   Skills:
 + Level 0.5 Fighting
 + Level 1.0 Armour
 + Level 2.0 Dodging
 - Level 1.7 Stealth
 + Level 3.5 Spellcasting
 + Level 3.0 Conjurations
 + Level 3.9 Fire Magic


You had 8 spell levels left.
You knew the following spells:

 Your Spells              Type           Power      Damage    Failure   Level
a - Foxfire               Conj/Fire      60%        2x1d7     4%          1
b - Scorch                Fire           34%        2d7       6%          2

Your spell library contained the following spells:

 Spells                   Type           Power      Damage    Failure   Level
 Summon Small Mammal      Summ           12%        N/A       22%         1
 Inner Flame              Hex/Fire       10%        N/A       28%         3
 Kindle Blastsparks       Fire/Tloc/Air  14%        2d11      36%         3
 Flame Wave               Conj/Fire      15%        2d7       45%         4
 Call Canine Familiar     Summ           3%         N/A       54%         3
 Summon Guardian Golem    Hex/Summ       3%         N/A       54%         3


Dungeon Overview and Level Annotations

Branches:
Dungeon (3/15)              Sewer (1/1)

Altars:

Annotations:
Sewer Grinder


Innate Abilities, Weirdness & Mutations

You have large cloven feet.
You are partially covered in molten scales. (AC +2)
Your demonic aura often causes spilled blood to erupt in flames.


Message History

Grinder gestures at you. Pain shoots through your body!
Casting: Foxfire (safe; 4% risk of failure)
Confirm with . or Enter, or press ? or * to list all spells.
You conjure some foxfire!
The foxfire hits Grinder but does no damage.
Grinder is moderately wounded.
The foxfire hits Grinder.
Grinder is heavily wounded.
Grinder hits you.
You writhe in agony.
Unknown command.
You hit Grinder. You kick Grinder, but do no damage.
Grinder is heavily wounded.
The foxfire hits Grinder but does no damage.
Grinder is heavily wounded.
The foxfire hits Grinder.
Grinder is severely wounded.
Grinder hits you.
* * * LOW HITPOINT WARNING * * *
You writhe in agony.
* * * LOW HITPOINT WARNING * * *
Grinder blinks!
Your magical contamination has completely faded away.
Casting: Foxfire (safe; 4% risk of failure)
Confirm with . or Enter, or press ? or * to list all spells.
You conjure some foxfire!
Grinder gestures at you. You resist with significant effort.
Grinder gestures at you.
You barely resist.
The foxfire hits Grinder.
Grinder is almost dead.
The foxfire hits Grinder.
Grinder is almost dead.
Okay, then.
Grinder says, "There's only one good use for a tongue: cutting it out."
Grinder gestures at you. You resist with significant effort.
Grinder gestures at you. Pain shoots through your body!
You die...

≈≈≈≈≈≈≈≈≈≈~.+
≈≈≈≈≈≈≈≈≈~~.#.≈≈#
≈≈≈≈≈≈≈≈≈≈~.#.~≈#
≈≈≈≈≈≈≈§~≈~.#.≈≈#
≈≈≈≈≈≈≈≈≈...#..≈###+++##
≈≈≈≈≈≈~~~...#..~##.....##
##≈##~###.####.###..○...#
.......(..≈≈#...#.....○.+
.........≈≈≈)..)@.○._...+
..).......≈≈#..)#.....○.+
~#≈~###≈#.####.###..○...#
~≈≈≈≈≈~≈.)..#.~≈##.....##
≈≈≈≈≈≈≈≈≈~..#.~≈###'''##
≈≈≈≈≈≈≈≈≈≈≈.#.≈≈# .5.~#
≈≈≈≈≈≈≈≈≈≈~.#.~≈# ...≈#
≈≈≈≈≈≈≈≈≈≈~.#)~≈# )..≈#
≈≈≈≈≈≈≈≈≈≈~.'..≈# ...≈#


You could see Grinder.

Vanquished Creatures
  A kobold brigand (Sewer)
  Crazy Yiuf (D:2)
  Terence (D:2)
  2 adders (D:2)
  A shadow imp (Sewer)
  4 ufetubi (Sewer)
  2 worms (D:3)
  2 dart slugs
  A ball python (D:2)
  9 bats
  5 endoplasms
  2 giant cockroaches
  4 goblins
  8 jackals
  2 quokkas (D:1)
  5 frilled lizards
  17 kobolds
  2 rats
69 creatures vanquished.

Vanquished Creatures (others)
  210 foxfires
  5 fungi (D:2)
215 creatures vanquished.

Grand Total: 284 creatures vanquished

Notes
Turn   | Place    | Note
-------+----------+-------------------------------------------
     0 | D:1      | funkygono the Demonspawn Fire Elementalist began the quest
                  | for the Orb.
     0 | D:1      | Reached XP level 1. HP: 13/13 MP: 3/3
   166 | D:1      | Gained mutation: Your demonic aura sometimes causes spilled
                  | blood to erupt in flames. [demonic ancestry]
   166 | D:1      | Reached XP level 2. HP: 15/19 MP: 0/5
   169 | D:1      | Learned a level 2 spell: Scorch
   791 | D:1      | Gained mutation: You are partially covered in molten
                  | scales. (AC +2) [demonic ancestry]
   791 | D:1      | Reached XP level 3. HP: 24/24 MP: 2/6
  1567 | D:2      | Gained mutation: Your demonic aura often causes spilled
                  | blood to erupt in flames. [demonic ancestry]
  1567 | D:2      | Reached XP level 4. HP: 30/30 MP: 1/8
  1877 | D:2      | Noticed Terence
  1895 | D:2      | Killed Terence
  2088 | D:2      | Found a runed translucent door.
  2089 | D:2      | Noticed Crazy Yiuf
  2098 | D:2      | HP: 1/30 [Crazy Yiuf/+4 quarterstaff of chaos (6)]
  2101 | D:2      | Killed Crazy Yiuf
  2319 | D:3      | Found a glowing drain.
  2397 | Sewer    | Entered a sewer
  2424 | Sewer    | Gained mutation: You have large cloven feet. [demonic
                  | ancestry]
  2424 | Sewer    | Reached XP level 5. HP: 36/36 MP: 5/9
  2745 | Sewer    | Found a burning altar of Makhleb.
  2756 | Sewer    | Reached skill level 1 in Armour
  2876 | Sewer    | Noticed Grinder
  2890 | Sewer    | Killed from afar by Grinder

Illustrated notes

Levels and vault maps discovered:
D:1:      wander_arrival_estate, layout_loops_cross
D:2:      layout_basic, uniq_crazy_yiuf_cottage, uniq_terence
D:3:      layout_basic, okawaru_gym_becter, cheibrodos_sewer_entry_bend
Sewer:    kennysheep_sewer_church

Skill      XL: |  1  2  3  4  5 |
---------------+----------------+-----
Fire Magic     | 3 |  3.9
Dodging        | 2 |  2.0
Conjurations   | 2 3 |  3.0
Spellcasting   | 3 |  3.5
Armour         | 1 |  1.0
Fighting       | |  0.5
Stealth        | |  1.7

Action                   |  1- 3 |  4- 6 || total
-------------------------+-------+-------++-------
Melee: Unarmed           |     3 |       ||     3
       Dagger            |     1 |       ||     1
       Whip              |     2 |     5 ||     7
       Mace              |       |     9 ||     9
       Punch             |       |     1 ||     1
       Kick              |       |     6 ||     6
 Cast: Foxfire           |    67 |    56 ||   123
       Scorch            |     2 |     6 ||     8
  Use: Potion            |       |     1 ||     1
Armor: Robe              |     8 |       ||     8
       Leather armour    |     2 |     8 ||    10
Dodge: Dodged            |    19 |    11 ||    30

Table legend: (Time is in decaauts)
 A = Elapsed time spent in this place.
 B = Non-inter-level travel time spent in this place.
 C = Inter-level travel time spent in this place.
 D = Time resting spent in this place.
 E = Time spent auto-exploring this place.
 F = Levels seen in this place.
 G = Mean time per level.
                   A        B        C        D        E       F      G
               +--------+--------+--------+--------+--------+-----+--------+
         Total |   2899 |   2857 |     42 |    219 |   2090 |   4 |  724.8 |
       Dungeon |   2400 |   2358 |     42 |    219 |   1693 |   3 |  800.0 |
         Sewer |    499 |    499 |      0 |      0 |    397 |   1 |  499.0 |
               +--------+--------+--------+--------+--------+-----+--------+

Top non-repeatable levels by time:
     D:1: 1141 daAuts
     D:2: 1103 daAuts
   Sewer: 499 daAuts
     D:3: 155 daAuts
